 Dungeon Crawl Stone Soup version 0.31-a0-1139-gec03705108 (webtiles) character file.

Game seed: 6080554180423165209

437599 Gargoyl the Hoplite (level 23, -2/173 HPs)
             Began as a Gargoyle Berserker on Dec 6, 2023.
             Was the Champion of Trog.
             Killed from afar by a starcursed mass (10 damage)
             ... with an accursed screaming
             ... while paralysed by accursed screaming
             ... on level 5 of the Abyss.
             The game lasted 01:24:01 (45469 turns).

Gargoyl the Hoplite (Gargoyle Berserker)           Turns: 45469, Time: 01:24:01

Health: -2/173     AC: 66    Str: 24    XL:     23   Next: 31%
Magic:  23/23      EV: -1    Int: 11    God:    Trog [******]
Gold:   5103       SH:  0    Dex: 16    Spells: 22/22 levels left

rFire   + . .        z - +8 demon blade "Leech" {evervamp, Harm Drain rN+}
rCold   + . .        D - +2 tower shield {AC+3}
rNeg    + + .        C - +8 crystal plate armour
rPois   ∞            R - +2 helmet of Insecurity {rF+}
rElec   +            o - +2 cloak
rCorr   +            w - +3 pair of gauntlets of War {Slay+5}
SInv    .            N - +0 pair of boots
Will    +++..        j - amulet of the acrobat Stlth
                     J - +5 ring of evasion
HPRegen 1.48/turn    S - ring "Qupnylapp" {rC+ rCorr}
MPRegen 0.18/turn

%: harm (+30% outgoing, +20% incoming), acrobat, clarity
@: paralysed, about to teleport, strong-willed, flying, regenerating,
constricted, studying Unarmed Combat, silenced
A: sickness immunity, AC +17, big wings, negative energy resistance 1,
electricity resistance, torment resistance 1, petrification resistance, clarity,
robust 1, shaggy fur 1, strong 1
}: 4/15 runes: serpentine, barnacled, silver, abyssal
a: Renounce Religion


You were on level 5 of the Abyss.
You worshipped Trog.
Trog was exalted by your worship.
You visited 7 branches of the dungeon, and saw 37 of its levels.
You visited the Abyss 4 times.
You also visited: Bailey.

You collected 7664 gold pieces.
You spent 2561 gold pieces at shops.

Inventory:

Hand Weapons
 g - a +3 scimitar of holy wrath
 z - the +8 demon blade "Leech" (weapon) {evervamp, Harm Drain rN+}
   (You bought it in a shop on level 1 of the Dungeon)

   rN+:       It protects you from negative energy.
   Drain:     It drains your maximum health when unequipped.
   Harm:      It increases damage dealt and taken.
 I - the +6 hand axe "Poatan" {flame, Str+2}
   (You bought it in a shop on level 2 of the Orcish Mines)

   Str+2:     It affects your strength (+2).
Missiles
 s - 56 poisoned darts (quivered)
 W - a throwing net
Armour
 o - a +2 cloak (worn)
 w - the +3 pair of gauntlets of War (worn) {Slay+5}
   (You acquired it on level 9 of the Dungeon)

   Slay+5:    It affects your accuracy & damage with ranged weapons and melee
   (+5).
 C - a +8 crystal plate armour (worn)
 D - a +2 tower shield of protection (worn)
 N - a +0 pair of boots (worn)
 R - the +2 helmet of Insecurity (worn) {rF+}
   (You found it on level 13 of the Dungeon)

   rF+:       It protects you from fire.
Jewellery
 b - a ring of protection from fire
 f - a ring of protection from cold
 j - an amulet of the acrobat (around neck)
 n - a ring of magical power
 F - an amulet of faith
 J - a +5 ring of evasion (left hand)
 L - a +6 ring of dexterity
 S - the ring "Qupnylapp" (right hand) {rC+ rCorr}
   (You found it on level 13 of the Dungeon)

   [ring of protection from cold]

   rC+:       It protects you from cold.
   rCorr:     It protects you from acid and corrosion.
 V - the ring "Laigiaf" {Fly rC+ Will+}
   (You found it on level 3 of the Shoals)

   [ring of flight]

   rC+:       It protects you from cold.
   Will+:     It increases your willpower.
   Fly:       It grants you flight.
 Y - a +6 ring of strength
Wands
 d - a wand of polymorph (16)
 u - a wand of digging (12)
 y - a wand of mindburst (19)
 G - a wand of charming (15)
 H - a wand of quicksilver (12)
 K - a wand of flame (37)
 T - a wand of iceblast (11)
Scrolls
 a - 5 scrolls of poison
 i - a scroll of fog
 l - 3 scrolls of immolation
 t - 6 scrolls of teleportation
 v - 16 scrolls of identify
 O - 6 scrolls of revelation
 P - 2 scrolls of vulnerability
 Q - a scroll of silence
 Z - 2 scrolls of blinking
Potions
 c - 4 potions of berserk rage
 e - 2 potions of ambrosia
 h - 4 potions of heal wounds
 k - 6 potions of enlightenment
 m - 2 potions of resistance
 q - 7 potions of attraction
 r - 7 potions of lignification
 x - 2 potions of invisibility
 A - 4 potions of haste
 B - 9 potions of curing
 E - 2 potions of cancellation
 M - 7 potions of might
 U - a potion of magic
 X - 9 potions of mutation


   Skills:
 + Level 20.3 Fighting
 + Level 18.5 Long Blades
 + Level 6.1 Axes
 + Level 15.5 Staves
 + Level 0.7 Throwing
 + Level 14.7 Armour
 + Level 10.0 Dodging
 + Level 8.7 Stealth
 + Level 23.4 Shields
 + Level 0.4 Unarmed Combat


You had 22 spell levels left.
You didn't know any spells.
Your spell library was empty.

Dungeon Overview and Level Annotations

Branches:
Dungeon (15/15)            Temple (0/1) D:5            Lair (5/5) D:9
 Shoals (4/4) Lair:3        Snake (4/4) Lair:2        Slime (0/5) Lair:4
    Orc (2/2) D:9             Elf (2/3) Orc:2        Vaults (5/5) D:13
  Crypt (0/3) Vaults:2     Depths (0/4) D:15         Bailey (visited)

Altars:
Ashenzari
Cheibriados
Dithmenos
Elyvilon
Gozag
Hepliaklqana
Kikubaaqudgha
Makhleb
Nemelex Xobeh
Qazlal
Ru
Sif Muna
Trog
Vehumet
Yredelemnul
Zin
The Shining One
Lugonu

Shops:
D:1 (   D:8 *   D:10 **   D:14 ?   Orc:2 =?(*   Elf:2 *   Shoals:1 **
Snake:2 !=!!   Vaults:5 [*[!

Portals:
Abyss: Lair:5

Annotations:
Snake:1 1 transporter


Innate Abilities, Weirdness & Mutations

You are immune to sickness and miasma.
Your stone body is resilient. (AC +17)
You are immune to poison.
Your large and strong wings let you fly.
You resist negative energy. (rN+)
You are resistant to electric shocks. (rElec)
You are resistant to unholy torment.
You are immune to petrification.
You possess an exceptional clarity of mind.
You are robust. (+10% HP)
You are covered in fur. (AC +1)
Your muscles are strong. (Str +4, Int/Dex -1)


Message History

Your skin crawls.
You feel strong-willed.
You block the spriggan defender skeleton's attack.
A starcursed mass splits. x2
The spriggan defender skeleton hits you but does no damage.
You slice the spriggan defender skeleton!!
You destroy the spriggan defender skeleton!
Trog accepts your kill. You block the starcursed mass's attack.
You slash the starcursed mass!
The starcursed mass is heavily damaged.
The starcursed mass shudders and withdraws towards its neighbour. x4
A starcursed mass splits. x2
A tentacled starspawn comes into view.
A starcursed mass splits.
A tentacle flies out from the starspawn's body!
A cacophony of accursed wailing tears at your sanity!
* * * LOW HITPOINT WARNING * * *
You suddenly lose the ability to move!
A starspawn tentacle comes into view.
The starcursed mass touches you but does no damage.
A cacophony of accursed wailing tears at your sanity!
* * * LOW HITPOINT WARNING * * *
You can move again.
A starspawn tentacle comes into view.
Unknown command.
As you read the scroll of teleportation, it crumbles to dust.
You feel strangely unstable.
You feel the power of the Abyss delaying your translocation!
The starcursed mass barely misses you.
You block the starspawn tentacle's attack.
Unknown command.
You block the starspawn tentacle's attack. x2
A silent spectre comes into view.
A cacophony of accursed wailing tears at your sanity!
* * * LOW HITPOINT WARNING * * *
You suddenly lose the ability to move!
The starspawn tentacle grabs you. The starspawn tentacle constricts you.
A starcursed mass splits.
A cacophony of accursed wailing tears at your sanity!
You die...

. .. . .. . .
##.#_........
#.....W.......
##.............○
#.......#.#.... #
#...§.........
#.#...#...†......#
##......w..........
#.....Λ/w@.†.......
#....//V...........
#...//XXX.........
#..//.XXX..........
..<│.X.X......#....
│<.XXX........# .##
│...#.#......... #
.....##....##....
..#. ####.# .####


You could see 10 starcursed masses, a tentacled starspawn, a silent spectre
(silencing) and 2 starspawn tentacles.

Vanquished Creatures
  A dread lich (Vaults:4)
  Vashnia (Snake:4)
  Jory (Vaults:3)
  Jorgrun (Snake:3)
  A walking crystal tome (Abyss:5)
  3 liches
  Rupert (Lair:2)
  4 titans
  2 quicksilver dragons (Vaults:5)
  Mlioglotl (Shoals:1)
  The ghost of Jaluenn the Peltast, an adept FoFi of Zin (Shoals:3)
  A kraken (Shoals:2)
  4 tentacled starspawn
  Frances (D:14)
  Kirke (D:12)
  6 tengu reavers
  2 sphinxes (Vaults:5)
  3 storm dragons (Vaults:5)
  5 shadow dragons
  Aizul (Shoals:3)
  4 nagarajas
  Ilsuiw (Shoals:3)
  Roxanne (D:15)
  A daeva (Shoals:4)
  2 fire giants (Vaults:4)
  Louise (Elf:1)
  2 deep elf sorcerers
  2 frost giants (Vaults:4)
  An iron dragon (Vaults:4)
  20 vault wardens
  A deep elf elementalist (Elf:1)
  14 ironbound preservers
  5 formless jellyfish
  4 stone giants
  4 war gargoyles
  14 ironbound thunderhulks
  4 deep elf demonologists
  A deep elf annihilator (Vaults:5)
  Azrael (Elf:1)
  15 dire elephants
  A lorocyproca (Abyss:5)
  5 merfolk javelineers (Shoals:4)
  2 jiangshi (Vaults:2)
  4 deep elf death magi
  A fire dragon (shapeshifter) (Vaults:3)
  6 deep elf high priests
  9 yaktaur captains
  8 ettins
  2 entropy weavers
  30 vault guards
  14 merfolk impalers
  8 great orbs of eyes
  2 peacekeepers (Vaults:4)
  3 hydras
  A rakshasa (D:15)
  3 salamander tyrants (Snake:4)
  2 death knights
  7 ironbound frosthearts
  6 two-headed ogres
  2 catoblepae (Abyss:5)
  A spriggan skeleton (Abyss:5)
  8 centaur warriors
  18 dancing weapons
  7 anacondas
  4 satyrs
  5 merfolk aquamancers
  A merfolk avatar (Shoals:3)
  A tengu warrior (D:12)
  3 deep troll earth magi
  11 boulder beetles
  9 naga warriors
  4 thrashing horrors
  9 death yaks
  2 demonic crawlers (Elf:2)
  A shock serpent (shapeshifter) (Vaults:4)
  5 orc high priests (Orc:2)
  6 skysharks
  11 naga sharpshooters
  4 shock serpents
  12 deep elf knights
  4 wretched stars
  A soul eater (Abyss:5)
  2 sixfirhies
  2 skeletal warriors (D:14)
  5 hell knights (Abyss:4)
  5 salamander mystics
  13 sea snakes
  13 deep trolls
  2 cherubim (Shoals:4)
  A deep troll (shapeshifter) (Vaults:4)
  14 deep elf archers
  3 naga ritualists
  Pikel (D:9)
  18 ironbound convokers
  6 lindwurms
  3 phantasmal warriors
  5 arcanists
  22 deep elf zephyrmancers
  5 necromancers
  29 deep elf pyromancers
  6 harpies (Shoals:3)
  A faun (shapeshifter) (Vaults:3)
  10 orc knights
  8 mana vipers
  18 ugly things
  A cyclops (shapeshifter) (Vaults:5)
  23 manticores
  An orc sorcerer (Orc:2)
  2 moths of wrath (Shoals:3)
  14 salamanders
  16 large abominations
  A moth of wrath (shapeshifter) (Vaults:5)
  12 cyclopes
  10 fauns
  13 vault sentinels
  14 merfolk sirens
  A black mamba (shapeshifter) (Elf:2)
  A kobold blastminer (Orc:2)
  An eye of devastation (Abyss:5)
  12 elephants
  A water nymph (shapeshifter) (Vaults:5)
  5 guardian serpents
  4 orange demons (Orc:1)
  24 black mambas
  12 naga magi
  4 water nymphs
  A torpor snail (Lair:5)
  16 cane toads
  A gargoyle (D:14)
  6 smoke demons
  A rime drake (Lair:3)
  3 unseen horrors
  An elf zombie (Vaults:3)
  22 yaktaurs
  An efreet (D:14)
  8 kobold demonologists
  4 freezing wraiths
  12 komodo dragons
  A tengu conjurer (D:13)
  5 catoblepas skeletons (Abyss:5)
  5 trolls
  A hornet (D:8)
  3 polar bears (Lair:2)
  17 merfolk
  2 hellwings (Abyss:4)
  2 ancient zymes (Abyss:4)
  A glass eye (shapeshifter) (Lair:1)
  6 wind drakes
  A blink frog (shapeshifter) (D:12)
  A tarantella (Vaults:3)
  7 raiju
  7 snapping turtles
  A human skeleton (Vaults:3)
  A stone giant simulacrum (Vaults:2)
  9 dream sheep
  Sigmund (D:2)
  2 air elementals
  18 blink frogs
  A culicivora (Vaults:4)
  33 slime creatures
  A shadow (Abyss:5)
  A vampire (D:10)
  4 ynoxinuls
  5 basilisks
  2 spriggans
  17 humans
  An ettin skeleton (Vaults:3)
  10 water elementals
  28 yaks
  4 wraiths
  2 hogs (D:12)
  5 fire elementals
  3 wyverns (D:9)
  5 chaos spawn
  12 starcursed masses
  8 golden eyes
  3 redbacks (Vaults:4)
  A neqoxec (Abyss:4)
  9 vampire mosquitoes
  3 steam dragons
  2 wargs
  Edmund (D:4)
  An acid dragon (shapeshifter) (Elf:2)
  31 nagas
  3 acid dragons
  A naga (shapeshifter) (D:15)
  14 water moccasins
  5 hell hounds
  4 ice beasts
  A swamp drake (D:9)
  A sky beast (D:8)
  33 orc warriors
  6 ogres
  31 wolves
  11 boggarts
  3 centaurs (D:14)
  4 kobold brigands
  12 bullfrogs
  A gnoll sergeant (D:6)
  9 earth elementals
  15 small abominations
  5 scorpions
  7 wights
  10 killer bees
  9 electric eels
  6 howler monkeys
  5 hounds
  19 orc priests
  Crazy Yiuf (D:3)
  3 gnoll boudas (D:8)
  14 jellies
  Terence (D:3)
  Natasha (D:3)
  18 iguanas
  26 orc wizards
  10 adders
  18 gnolls
  2 white imps
  2 ufetubi (D:5)
  2 worms
  3 dart slugs
  106 orcs
  5 ball pythons
  8 endoplasms
  3 giant cockroaches
  6 goblins
  7 hobgoblins
  4 jackals (D:5)
  15 kobolds
  7 quokkas
  5 bats
  19 frilled lizards
  5 rats
  3 starspawn tentacles
  2 tentacles (Shoals:2)
1617 creatures vanquished.

Vanquished Creatures (collateral kills)
  An ancient lich (Vaults:4)
  2 liches (D:13)
  A quicksilver dragon (Vaults:5)
  2 tengu reavers (Vaults:5)
  2 nagarajas (Snake:4)
  A vault warden (Vaults:3)
  An ironbound preserver (Vaults:2)
  An ironbound thunderhulk (Vaults:3)
  A dire elephant (Vaults:4)
  The ghost of belnormal the Cleaver, a journeyman MiBe of Trog (D:13)
  2 ettins
  A deep elf death mage (Vaults:5)
  An ironbound frostheart (Vaults:1)
  An ogre mage (Vaults:5)
  A naga warrior (Snake:4)
  4 death yaks (Lair:4)
  A naga sharpshooter (Snake:4)
  A hell knight (Abyss:4)
  3 skeletal warriors (D:14)
  A deep troll (Vaults:4)
  An arcanist (Vaults:3)
  2 ironbound convokers
  An orc knight (Orc:2)
  3 ugly things (D:15)
  A salamander (Snake:4)
  A vault sentinel (Vaults:3)
  3 yaktaurs (Vaults:3)
  A neqoxec (Abyss:4)
  2 nagas (Snake:4)
  A swamp worm (shapeshifter) (Vaults:3)
  2 orc warriors (Orc:2)
  8 orc priests (Orc:2)
  10 orcs (Orc:2)
65 creatures vanquished.

Vanquished Creatures (others)
  A merfolk impaler (Shoals:4)
  2 deep elf knights (Elf:2)
  A sea snake (Shoals:4)
  2 deep elf zephyrmancers
  2 black mambas (Lair:2)
  A merfolk (Shoals:4)
  A snapping turtle (Shoals:4)
  A small abomination (Abyss:5)
  A hell hound (Elf:1)
  An orc warrior (Vaults:5)
  6 boggarts
  An orc wizard (Orc:2)
  A lurking horror (Abyss:5)
  8 starspawn tentacles
  5 tentacles (Shoals:2)
34 creatures vanquished.

Grand Total: 1716 creatures vanquished

Notes
Turn   | Place    | Note
-------+----------+-------------------------------------------
     0 | D:1      | Gargoyl the Gargoyle Berserker began the quest for the Orb.
     0 | D:1      | Reached XP level 1. HP: 14/14 MP: 1/1
     2 | D:1      | Noticed a demonspawn
     2 | D:1      | Noticed an armataur
     4 | D:1      | Noticed a felid
     4 | D:1      | Noticed a demigod
     6 | D:1      | Noticed a ghoul
     9 | D:1      | Noticed an octopode
     9 | D:1      | Noticed a vine stalker
    11 | D:1      | Noticed a minotaur
    11 | D:1      | Noticed a gargoyle
    14 | D:1      | Noticed a tengu
    14 | D:1      | Noticed a human
    16 | D:1      | Noticed a formicid
    16 | D:1      | Noticed an ogre
    18 | D:1      | Noticed a meteoran
    20 | D:1      | Noticed an elf
    22 | D:1      | Noticed a spriggan
    22 | D:1      | Noticed a merfolk
    24 | D:1      | Noticed a troll
    24 | D:1      | Noticed a draconian
    26 | D:1      | Noticed a vampire
    26 | D:1      | Noticed a minotaur
    28 | D:1      | Noticed an armataur
    28 | D:1      | Noticed an octopode
    81 | D:1      | Found Ehuz's Weapon Emporium.
    96 | D:1      | Reached XP level 2. HP: 12/19 MP: 2/2
   614 | D:1      | Reached XP level 3. HP: 19/24 MP: 3/3
   920 | D:2      | Reached ** piety under Trog
  1165 | D:2      | Noticed Sigmund
  1176 | D:2      | Killed Sigmund
  1177 | D:2      | Reached skill level 1 in Stealth
  1177 | D:2      | Reached XP level 4. HP: 30/30 MP: 4/4
  1177 | D:2      | Reached XP level 5. HP: 34/34 MP: 5/5
  1219 | D:2      | Reached XP level 6. HP: 39/39 MP: 6/6
  1419 | D:2      | Found a burning altar of Makhleb.
  1456 | D:2      | Found the +0 toga "Victory" {*Victory Clar}
  1586 | D:2      | Reached skill level 5 in Axes
  2091 | D:3      | Found a sacrificial altar of Ru.
  2101 | D:3      | Noticed Terence
  2116 | D:3      | Killed Terence
  2342 | D:3      | Found a runed translucent door.
  2343 | D:3      | Noticed Crazy Yiuf
  2494 | D:3      | Noticed Natasha
  2496 | D:3      | Found a stormy altar of Qazlal.
  2497 | D:3      | Found a basalt altar of Yredelemnul.
  2497 | D:3      | Found a broken altar of Ashenzari.
  2497 | D:3      | Found a bloodstained altar of Trog.
  2497 | D:3      | Found an opulent altar of Gozag.
  2501 | D:3      | Killed Natasha
  2502 | D:3      | Found a snail-covered altar of Cheibriados.
  2503 | D:3      | Found a sparkling altar of Nemelex Xobeh.
  2514 | D:3      | Found an ancient bone altar of Kikubaaqudgha.
  2571 | D:3      | Killed Crazy Yiuf
  2673 | D:4      | Noticed Edmund
  2681 | D:4      | Killed Edmund
  2682 | D:4      | Reached XP level 7. HP: 44/44 MP: 7/7
  2728 | D:4      | Found a shadowy altar of Dithmenos.
  2909 | D:4      | Found a radiant altar of Vehumet.
  3535 | D:5      | Entered Level 5 of the Dungeon
  3680 | D:5      | Reached skill level 1 in Staves
  3681 | D:5      | Reached skill level 5 in Fighting
  3948 | D:5      | Reached XP level 8. HP: 49/49 MP: 8/8
  4011 | D:5      | Reached *** piety under Trog
  4038 | D:5      | Found a staircase to the Ecumenical Temple.
  5119 | D:6      | Reached skill level 5 in Staves
  5330 | D:6      | Reached XP level 9. HP: 55/55 MP: 9/9
  5700 | D:7      | Found a hazy altar of Hepliaklqana.
  6233 | D:8      | Found Nullaeg's General Store.
  6250 | D:8      | Reached **** piety under Trog
  6341 | D:8      | Found a flagged portal.
  6351 | Bailey   | Entered a bailey
  6397 | Bailey   | Noticed an orc knight
  6662 | Bailey   | Killed an orc knight
  6663 | Bailey   | Reached XP level 10. HP: 63/63 MP: 10/10
  6898 | D:8      | Reached skill level 5 in Dodging
  7261 | D:9      | Noticed a kobold demonologist
  7272 | D:9      | Noticed a sun demon
  7274 | D:9      | Killed a kobold demonologist
  7275 | D:9      | Reached skill level 5 in Stealth
  7290 | D:9      | Found a staircase to the Lair.
  7312 | D:9      | Reached ***** piety under Trog
  7326 | D:9      | Reached skill level 10 in Staves
  7499 | D:9      | Noticed Pikel
  7508 | D:9      | Killed Pikel
  7515 | D:9      | Found a glowing golden altar of the Shining One.
  7622 | D:9      | Noticed a two-headed ogre
  7626 | D:9      | Killed a two-headed ogre
  7627 | D:9      | Reached XP level 11. HP: 59/69 MP: 11/11
  7683 | D:9      | Identified a scroll of acquirement
  7683 | D:9      | Acquired the +3 pair of gauntlets of War {Slay+5}
  7683 | D:9      | Found the +3 pair of gauntlets of War {Slay+5}
  7750 | D:9      | Noticed a two-headed ogre
  7758 | D:9      | Killed a two-headed ogre
  7998 | D:9      | Found a staircase to the Orcish Mines.
  8200 | Lair:1   | Entered Level 1 of the Lair of Beasts
  8266 | Lair:1   | Identified the +2 trident of the Abyss {antimagic, SInv}
  8802 | Lair:1   | Reached XP level 12. HP: 71/76 MP: 12/12
  8825 | Lair:1   | Noticed a seven-headed hydra
  8833 | Lair:1   | Killed a seven-headed hydra
  9085 | Lair:1   | Reached skill level 10 in Fighting
  9212 | Lair:1   | Identified the +2 chain mail of Hopscotch {-Tele Will+
                  | Str+6}
  9629 | Lair:2   | Found a runed translucent door.
  9639 | Lair:2   | Noticed Rupert
  9747 | Lair:2   | Found a staircase to the Snake Pit.
 10659 | Lair:2   | Reached XP level 13. HP: 57/83 MP: 13/13
 10968 | Lair:2   | Killed Rupert
 11094 | Lair:3   | Received a gift from Trog
 11601 | Lair:3   | Found a staircase to the Shoals.
 12316 | Lair:4   | Found a staircase to the Slime Pits.
 13205 | Lair:4   | Gained mutation: Your large and strong wings let you fly.
                  | [Gargoyle growth]
 13205 | Lair:4   | Reached XP level 14. HP: 84/92 MP: 14/14
 13226 | Lair:4   | Identified the +0 falchion of a volcano {flame, rPois MP+9
                  | Str+2 Int+3}
 13711 | Lair:5   | Entered Level 5 of the Lair of Beasts
 13863 | Lair:5   | Reached skill level 5 in Armour
 13958 | Lair:5   | Reached skill level 15 in Staves
 15438 | Lair:5   | Found a corrupted altar of Lugonu.
 15438 | Lair:5   | Found a one-way gate to the infinite horrors of the Abyss.
 15646 | D:10     | Entered Level 10 of the Dungeon
 15655 | D:10     | Found Sihoot's Lightly-Used Armoury.
 15859 | D:1      | Bought the +8 demon blade "Leech" {evervamp, Harm Drain
                  | rN+} for 1087 gold pieces
 15859 | D:1      | Found the +8 demon blade "Leech" {evervamp, Harm Drain rN+}
 16148 | D:10     | Found Wisid's CLEARANCE SALE!.
 16443 | D:10     | Reached skill level 1 in Long Blades
 16501 | D:10     | Reached skill level 1 in Shields
 16938 | D:11     | Reached skill level 2 in Shields
 17046 | D:11     | Found a broken altar of Ashenzari.
 17495 | D:11     | Reached skill level 3 in Shields
 17794 | D:12     | Noticed Kirke
 17808 | D:12     | Killed Kirke
 17809 | D:12     | Reached XP level 15. HP: 100/100 MP: 15/15
 17866 | D:12     | Found a frozen archway.
 17945 | D:12     | Found a corrupted altar of Lugonu.
 18023 | D:12     | Reached skill level 4 in Shields
 18715 | D:13     | Found a gate to the Vaults.
 18746 | D:12     | Reached skill level 5 in Long Blades
 18798 | D:12     | Reached skill level 5 in Shields
 18870 | D:13     | Reached ****** piety under Trog
 19206 | D:13     | Found a runed translucent gate.
 19207 | D:13     | Found a runed translucent gate.
 19208 | D:13     | Found a runed translucent gate.
 19230 | D:13     | Found an ancient bone altar of Kikubaaqudgha.
 19230 | D:13     | Noticed a lich
 19230 | D:13     | Noticed a lich
 19230 | D:13     | Noticed belnormal's ghost (journeyman MiBe)
 19230 | D:13     | Noticed a lich
 19230 | D:13     | Noticed a lich
 19489 | D:13     | Killed a lich
 19491 | D:13     | Killed a lich
 19495 | D:13     | Killed a lich
 19498 | D:13     | Killed a lich
 19500 | D:13     | Killed belnormal's ghost
 19501 | D:13     | Reached skill level 6 in Shields
 19509 | D:13     | Identified the +2 helmet of Insecurity {rF+}
 19594 | D:13     | Identified the ring "Qupnylapp" {rC+ rCorr}
 19662 | D:14     | Received a gift from Trog
 20074 | D:14     | Found Piwnupt's Magic Scroll Shoppe.
 20079 | D:14     | Bought a scroll of blinking for 105 gold pieces
 20079 | D:14     | Bought a scroll of enchant armour for 105 gold pieces
 20079 | D:14     | Bought a scroll of teleportation for 42 gold pieces
 20081 | D:14     | Gained mutation: You have large cloven feet. [potion of
                  | mutation]
 20092 | D:14     | Noticed Frances
 20110 | D:14     | Killed Frances
 20188 | D:14     | Reached skill level 7 in Shields
 20866 | D:15     | Entered Level 15 of the Dungeon
 20954 | D:15     | Found an opulent altar of Gozag.
 21117 | D:15     | Reached XP level 16. HP: 94/107 MP: 16/16
 21494 | D:15     | Noticed Roxanne
 21510 | D:15     | Killed Roxanne
 21568 | D:15     | Received a gift from Trog
 21569 | D:15     | Reached skill level 8 in Shields
 21742 | D:15     | Found a staircase to the Depths.
 22102 | Orc:1    | Entered Level 1 of the Orcish Mines
 22190 | Orc:2    | Entered Level 2 of the Orcish Mines
 22335 | Orc:2    | Found a staircase to the Elven Halls.
 22621 | Orc:2    | Found Nentuf's General Store.
 22923 | Orc:1    | Reached skill level 9 in Shields
 23143 | Orc:2    | Paralysed by an orc sorcerer for 3 turns
 23336 | Orc:2    | Found Cuinusir's Magic Scroll Emporium.
 23336 | Orc:2    | Found Icosou Dego's Jewellery Emporium.
 23337 | Orc:2    | Found Zouffus's Antique Weapon Shoppe.
 23344 | Orc:2    | Bought a scroll of teleportation for 51 gold pieces
 23344 | Orc:2    | Bought a scroll of teleportation for 51 gold pieces
 23344 | Orc:2    | Bought a scroll of teleportation for 51 gold pieces
 23347 | Orc:2    | Bought an ancient hand axe for 176 gold pieces
 23347 | Orc:2    | Identified the +6 hand axe "Poatan" {flame, Str+2} (You
                  | bought it in a shop on level 2 of the Orcish Mines)
 23347 | Orc:2    | Bought a glowing war axe for 143 gold pieces
 23514 | Snake:1  | Entered Level 1 of the Snake Pit
 23641 | Snake:1  | Found a shimmering blue altar of Sif Muna.
 23645 | Snake:1  | Identified the ring of Gigilas {Ice Slay+5}
 23645 | Snake:1  | Noticed a nagaraja
 23646 | Snake:1  | Found a transporter.
 23669 | Snake:1  | Noticed a nagaraja
 24053 | Snake:2  | Found Togoh's Distillery.
 24053 | Snake:2  | Found Byol's Jewellery Emporium.
 24055 | Snake:2  | Found Joufugov's Distillery.
 24057 | Snake:2  | Found Eseof's Distillery.
 24065 | Snake:2  | Reached skill level 10 in Long Blades
 24086 | Snake:2  | Bought a potion of heal wounds for 100 gold pieces
 24086 | Snake:2  | Bought a potion of heal wounds for 100 gold pieces
 24091 | Snake:2  | Bought a potion of mutation for 96 gold pieces
 24094 | Snake:2  | Bought a potion of heal wounds for 60 gold pieces
 24094 | Snake:2  | Bought a potion of mutation for 96 gold pieces
 24160 | Snake:2  | Reached skill level 10 in Shields
 24314 | Snake:2  | Reached skill level 15 in Fighting
 24444 | Snake:2  | Noticed a nagaraja
 24454 | Snake:2  | Killed a nagaraja
 24541 | Snake:2  | Reached XP level 17. HP: 113/113 MP: 17/17
 24829 | Snake:2  | Reached skill level 10 in Armour
 25100 | Snake:3  | Reached skill level 11 in Shields
 25430 | Snake:3  | Noticed Jorgrun
 25448 | Snake:3  | Killed Jorgrun
 25957 | Snake:4  | Entered Level 4 of the Snake Pit
 26083 | Snake:4  | Identified the +8 quarterstaff of Qeunkem {heavy, rF+ rN+}
                  | (Trog gifted it to you on level 4 of the Snake Pit)
 26083 | Snake:4  | Received a gift from Trog
 26323 | Snake:4  | Reached skill level 12 in Shields
 27041 | Snake:4  | Reached skill level 13 in Shields
 27061 | Snake:4  | Got a serpentine rune of Zot
 27114 | Snake:4  | Noticed Vashnia
 27280 | Snake:4  | Killed Vashnia
 27527 | Vaults:1 | Entered Level 1 of the Vaults
 27595 | Vaults:1 | Reached XP level 18. HP: 120/120 MP: 18/18
 27989 | Vaults:1 | Reached skill level 14 in Shields
 28764 | Vaults:1 | Identified the +4 triple crossbow of Urgency {freeze, rF-
                  | Str+5 Int+3}
 28836 | Vaults:1 | Identified the +6 chain mail of Free Expression {Int+5
                  | SInv}
 29182 | Vaults:1 | Acquired 350 gold pieces
 29184 | Vaults:1 | Acquired 1111 gold pieces
 29186 | Vaults:1 | Acquired a manual of Long Blades
 29664 | Vaults:2 | Found a staircase to the Crypt.
 29823 | Vaults:2 | Reached skill level 15 in Shields
 31168 | Vaults:3 | Reached XP level 19. HP: 127/127 MP: 19/19
 31903 | Vaults:3 | Reached skill level 16 in Shields
 31919 | Vaults:3 | Identified the +0 leather armour of Cittanig {Contam *Slow
                  | Int+7 Dex+3}
 32313 | Vaults:3 | Reached skill level 15 in Long Blades
 32363 | Vaults:3 | Noticed Jory
 32394 | Vaults:3 | Killed Jory
 32901 | Vaults:4 | Reached skill level 17 in Shields
 33652 | Vaults:4 | Reached XP level 20. HP: 134/134 MP: 20/20
 34202 | Vaults:5 | Entered Level 5 of the Vaults
 34336 | Vaults:4 | Reached skill level 18 in Shields
 35591 | Abyss:3  | Cast into level 3 of the Abyss (a deep elf sorcerer)
 35595 | Abyss:3  | Noticed a bone dragon
 35789 | Abyss:4  | Reached skill level 19 in Shields
 35826 | Abyss:4  | Gained mutation: Armour fits poorly on your strangely
                  | shaped body. [a neqoxec]
 35834 | Abyss:4  | Paralysed by accursed screaming for 1 turns
 35848 | Abyss:4  | Paralysed by accursed screaming for 1 turns
 35870 | Abyss:4  | Paralysed by accursed screaming for 1 turns
 36070 | Abyss:5  | Found a corrupted altar of Lugonu.
 36096 | Vaults:5 | Escaped the Abyss
 36584 | Vaults:4 | Received a gift from Trog
 36591 | Vaults:5 | Noticed an ancient lich
 36749 | Vaults:4 | Reached XP level 21. HP: 137/142 MP: 21/21
 36810 | Vaults:5 | Noticed a dread lich
 36830 | Vaults:4 | Killed an ancient lich
 36842 | Vaults:4 | Killed a dread lich
 37180 | Vaults:5 | Found Ytziazes's General Store.
 37193 | Vaults:5 | Bought a potion of heal wounds for 85 gold pieces
 37197 | Vaults:5 | Identified the +0 chain mail of Transparent Life {rF+ rCorr
                  | Str-5 Dex+4}
 37318 | Vaults:5 | Reached skill level 20 in Shields
 37376 | Vaults:5 | Found Hesulem's Antique Armour Shoppe.
 37470 | Vaults:5 | Paralysed by a sphinx for 2 turns
 37881 | Vaults:5 | Found Jimniwko's Distillery.
 37886 | Vaults:5 | Bought a potion of mutation for 144 gold pieces
 37887 | Vaults:5 | Lost mutation: Armour fits poorly on your strangely shaped
                  | body. [potion of mutation]
 37887 | Vaults:5 | Lost mutation: You have large cloven feet. [potion of
                  | mutation]
 37887 | Vaults:5 | Gained mutation: You are robust. (+10% HP) [potion of
                  | mutation]
 37887 | Vaults:5 | Gained mutation: You are covered in fur. (AC +1) [potion of
                  | mutation]
 37887 | Vaults:5 | Gained mutation: You possess an exceptional clarity of
                  | mind. [potion of mutation]
 37887 | Vaults:5 | Gained mutation: Your muscles are strong. (Str +4, Int/Dex
                  | -1) [potion of mutation]
 38123 | Vaults:5 | Found Tuogag's Antique Armour Boutique.
 38460 | Vaults:5 | Reached skill level 10 in Dodging
 38472 | Vaults:5 | Got a silver rune of Zot
 38532 | Abyss:5  | Cast into level 5 of the Abyss (a deep elf demonologist)
 38731 | Abyss:5  | Got an abyssal rune of Zot
 38844 | Vaults:5 | Escaped the Abyss
 39186 | Shoals:1 | Entered Level 1 of the Shoals
 39206 | Shoals:1 | Found Ceaczojukh's General Store.
 39575 | Shoals:1 | Found Niux's Overcharged Wands.
 39577 | Shoals:1 | Received a gift from Trog
 39606 | Shoals:1 | Noticed Mlioglotl
 39617 | Shoals:1 | Killed Mlioglotl
 40162 | Shoals:2 | Reached skill level 21 in Shields
 40162 | Shoals:2 | Reached XP level 22. HP: 165/165 MP: 22/22
 41099 | Shoals:3 | Received a gift from Trog
 41185 | Shoals:3 | Found a transporter.
 41186 | Shoals:3 | Noticed Ilsuiw
 41248 | Shoals:3 | Killed Ilsuiw
 41253 | Shoals:3 | Found a bloodstained altar of Trog.
 41253 | Shoals:3 | Identified the +1 leather armour "Ifyabov" {Fly rElec rC++
                  | Str-5}
 41256 | Shoals:3 | Noticed Jaluenn's ghost (adept FoFi)
 41282 | Shoals:3 | Killed Jaluenn's ghost
 41309 | Shoals:3 | Found a transporter.
 41311 | Shoals:3 | Identified the ring "Laigiaf" {Fly rC+ Will+}
 41325 | Shoals:3 | Identified the +0 robe of the Vaults {Dex+5}
 41366 | Shoals:3 | Identified the serpent talisman "Zuarev" {rCorr Dex-3
                  | Slay+6}
 41366 | Shoals:3 | Noticed Aizul
 41384 | Shoals:3 | Killed Aizul
 41550 | Shoals:3 | Identified the +7 sling "Ywkaskar" {elec, Str+4 Dex+3}
 41842 | Shoals:4 | Entered Level 4 of the Shoals
 42110 | Shoals:4 | Found a glowing silver altar of Zin.
 42166 | Shoals:4 | Received a gift from Trog
 42483 | Shoals:4 | Found a glowing golden altar of the Shining One.
 42495 | Shoals:4 | Reached skill level 22 in Shields
 42501 | Shoals:4 | Identified the ring "Cunaatz" {rC- EV+5 Str+7 Dex-4}
 42623 | Shoals:4 | Found a white marble altar of Elyvilon.
 42713 | Shoals:4 | Got a barnacled rune of Zot
 42981 | Elf:1    | Entered Level 1 of the Elven Halls
 43058 | Elf:1    | Identified the +10 tower shield of Generosity {rC+}
 43058 | Elf:1    | Noticed Louise
 43114 | Elf:1    | Killed Louise
 43298 | Elf:1    | Noticed Azrael
 43313 | Elf:1    | Received a gift from Trog
 43329 | Elf:1    | Killed Azrael
 43744 | Elf:1    | Paralysed by an air elemental for 1 turns
 43907 | Abyss:5  | Cast into level 5 of the Abyss (a deep elf sorcerer)
 43974 | Elf:1    | Escaped the Abyss
 44202 | Elf:2    | Found Defaoj's Assorted Antiques.
 44285 | Elf:2    | Received a gift from Trog
 44341 | Elf:2    | Bought a scroll of teleportation for 69 gold pieces
 44389 | Elf:2    | Reached XP level 23. HP: 171/171 MP: 23/23
 44424 | Elf:2    | Reached skill level 23 in Shields
 44642 | Elf:2    | Identified the +1 robe of Zoaja {+Blink rPois rF+ Dex+2}
 44839 | Elf:2    | Found a runed translucent gate.
 44839 | Elf:2    | Found a runed translucent gate.
 44840 | Elf:2    | Found a runed translucent gate.
 45154 | Elf:2    | Received a gift from Trog
 45360 | Abyss:5  | Found a corrupted altar of Lugonu.
 45360 | Abyss:5  | Cast into level 5 of the Abyss (+2 halberd of distortion)
 45423 | Abyss:5  | Paralysed by accursed screaming for 1 turns
 45451 | Abyss:5  | Found a corrupted altar of Lugonu.
 45464 | Abyss:5  | Paralysed by accursed screaming for 2 turns
 45468 | Abyss:5  | HP: 7/173 [starcursed mass/accursed screaming (19)]
 45468 | Abyss:5  | Paralysed by accursed screaming for 2 turns
 45469 | Abyss:5  | Killed from afar by a starcursed mass

Illustrated notes

Levels and vault maps discovered:
D:1:      kb_arrival_jail, layout_basic, serial_shops,
          nicolae_shop_bloodbath_and_beyond, chequers_arboretum
D:2:      layout_loops_corners, basic_altar, minmay_puff, uniq_sigmund
D:3:      layout_rooms, minitemple, uniq_natasha, uniq_terence,
          uniq_crazy_yiuf_cottage
D:4:      layout_basic, fiery_altar_vehumet, grunt_dithmenos_smoke,
          chequers_serial_rivers_room_b, uniq_edmund
D:5:      layout_basic, minmay_temple_entry_sparse_star, chequers_avenue,
          cheibrodos_gnoll_hut
D:6:      layout_gridville
D:7:      layout_loops_ring, kennysheep_mini_moat, minmay_misc_feat_x
D:8:      layout_basic, enter_bailey_2, serial_shops, nicolae_stop_n_shop_2,
          hex_tiny, the_hattery
D:9:      cheibrodos_iron_armory, layout_cave_pools, tso_metal_star,
          erik_lair_island, erik_orc_1, serial_park, serial_park_square2,
          serial_park_tiny_2, uniq_pikel
D:10:     layout_roguey, grunt_ministairs_1, minivault_11, minmay_shop_damaged,
          nicolae_shop_clearance
D:11:     lemuel_reptile_caves, layout_irregular_city, evilmike_ruin_ashenzari
D:12:     layout_stronghold, portal_ice_cave_entry_pillars_1,
          marbit_kobold_abyssish, uniq_kirke
D:13:     layout_rooms, david_vaults_3, gammafunk_ghost_crypt,
          serial_bayou_lagoon_b
D:14:     layout_basic, serial_shops, shop, uniq_frances
D:15:     gammafunk_enter_depths_forms, layout_irregular_city,
          grunt_gozag_statues, roderic_serpentine_path, uniq_roxanne
Lair:1:   layout_regular_city
Lair:2:   layout_long_grid, guppyfry_snake_entry_island, enter_volcano_3,
          pdpol_lair_cabin_in_the_woods
Lair:3:   layout_cave_pods, minmay_shoals_entry_lonely_mermaid, serial_forest,
          infiniplex_forest_corner_2, infiniplex_forest_lined_3,
          infiniplex_forest_corner_1, infiniplex_forest_join,
          infiniplex_forest_end_double, infiniplex_forest_end_2,
          infiniplex_forest_lined_2, pdpol_lair_neglected_garden
Lair:4:   layout_cave_pods, minmay_slime_entry_jelly_boxes
Lair:5:   hellmonk_lair_end_abyssal_woods, layout_cellular_growth,
          chequers_serial_rivers_micro_e, grunt_megastairs_3,
          lemuel_fruit_fields
Shoals:1: layout_shoals, serial_shops, shop, nicolae_shop_overcharged_wands,
          uniq_mlioglotl
Shoals:2: layout_shoals, nicolae_shoals_cliffside_cave
Shoals:3: layout_shoals, gammafunk_ghost_wrathful_warriors, uniq_aizul,
          uniq_ilsuiw
Shoals:4: shoals_end_hellmonk_holy_island, serial_shops
Snake:1:  gammafunk_sealed_library, layout_rooms, serial_bayou_shore_a
Snake:2:  layout_honeycomb, st_stairs_9, nicolae_snake_lava_pool,
          grunt_megastairs_5, minmay_shoptagon, lemuel_fruit_tree
Snake:3:  layout_chambers, uniq_jorgrun
Snake:4:  johnstein_snake_rune_scales, layout_onion_interference
Orc:1:    layout_diamond_mine, basic_altar, einodemon_barbed_minivault
Orc:2:    st_orc_pillars, layout_caves, basic_altar
Elf:1:    layout_loops_corners, minmay_elf_demonology, uniq_azrael, uniq_louise
Elf:2:    nicolae_elf_blades_splatter_lattice [mumra_blade_entry_dagger],
          layout_onion_city, serial_shops, shop, einodemon_crawler_minivault
Vaults:1: mu_enter_wizlab_4, grunt_vaults_funnel, nicolae_vaults_diamond_2,
          dpeg_vaults_monster_box, nicolae_vaults_yaktaur_gun_rack,
          vaults_mumra_hexcomb, nicolae_vaults_border_crossing,
          nicolae_vaults_trapezoid_1, nicolae_vaults_more_shelving_1,
          layout_vaults_omnigrid
Vaults:2: nicolae_vaults_house_1, v_misc_11, nicolae_vaults_stepped_doors,
          minmay_crypt_entry_simple_corners, nicolae_vaults_double_plus_2,
          grunt_vaults_focal, grunt_vaults_diagonal,
          ontoclasm_vaults_misaligned, nicolae_vaults_hallways_thing,
          ontoclasm_vaults_chip, serial_ice_b, nicolae_vaults_hexular_roomagon,
          vaults_room_semicircle, nicolae_vaults_theta, v_misc_10,
          layout_vaults_maze_bifur
Vaults:3: nicolae_vaults_layer_cake_slice, v_alt_pattern_3,
          nicolae_vaults_minivaults, nicolae_vaults_triangles, vaults_room_pool,
          nicolae_vaults_mitosis, vaults_standard_mumra_x,
          nicolae_vaults_what_the_h, nicolae_vaults_tetromino_Z_1, v_misc_27,
          v_misc_27, layout_vaults_big_cross, uniq_jory
Vaults:4: nicolae_vaults_trapezoid_lopsided_4, v_misc_17,
          hangedman_vaults_stagger, nicolae_vaults_tangram_1,
          nicolae_vaults_closet_pinwheel_6, grunt_vaults_twisty,
          nicolae_vaults_closet_pinwheel_4, nicolae_vaults_little_squares_6,
          layout_vaults_big_room
Vaults:5
Abyss:5:  base: D:8, hangedman_illusive_loot, nicolae_abyss_rune_left_handed,
          evilmike_abyss_exit_10, base: IceCv, hangedman_classic_abyss_death,
          hangedman_abyss_rune_flesh_and_stone, base: WizLab,
          evilmike_abyss_exit_7, hangedman_abyss_exit_choices, base: Vaults:4,
          base: Lair:4, grunt_abyss_exit_deep_breaths, minivault_28

Skill      XL: |  1  2  3  4  5  6  7  8  9 10 11 12 13 14 15 16 17 18 19 20 21 22 23 |
---------------+----------------------------------------------------------------------+-----
Axes           | 3 4 5 6 |  6.1
Fighting       | 4 5 6 7 8 9 10 12 13 14 15 16 17 18 19 20 | 20.3
Dodging        | 2 3 4 6 7 8 9 10 | 10.0
Stealth        | 1 2 3 4 5 6 7 8 |  8.7
Staves         | 2 5 8 10 12 13 14 15 | 15.5
Armour         | 4 7 8 9 10 11 12 13 14 | 14.7
Long Blades    | 3 8 10 12 14 15 16 17 18 | 18.5
Shields        | 3 7 10 13 15 17 19 21 22 23 | 23.4
Throwing       | |  0.7
Unarmed Combat | |  0.4

Action                     |  1- 3 |  4- 6 |  7- 9 | 10-12 | 13-15 | 16-18 | 19-21 | 22-24 || total
---------------------------+-------+-------+-------+-------+-------+-------+-------+-------++-------
  Melee: Hand axe          |    99 |   106 |       |       |       |       |       |       ||   205
         Quarterstaff      |       |     4 |   230 |   446 |   537 |       |       |       ||  1217
         Demon blade       |       |       |       |       |   678 |  1665 |  1969 |  1193 ||  5505
         Unarmed           |       |       |       |       |       |       |    28 |       ||    28
  Throw: Dart              |       |       |       |       |       |     4 |       |     1 ||     5
 Invoke: Berserk           |     2 |     3 |     4 |     6 |    11 |    23 |    19 |     3 ||    71
         Trog's Hand       |     1 |     1 |     1 |     5 |    12 |    29 |    21 |     6 ||    76
         Brothers in Arms  |       |       |       |       |     5 |    13 |     8 |     1 ||    27
    Use: Scroll            |     4 |     2 |     5 |     8 |    19 |    17 |     7 |     3 ||    65
         Potion            |       |       |       |       |     6 |     6 |    11 |       ||    23
   Stab: Sleeping          |       |     1 |     3 |    13 |     2 |       |     1 |       ||    20
         Paralysed         |       |       |       |     2 |       |       |       |       ||     2
         Confused          |       |       |       |     1 |       |       |       |       ||     1
         Distracted        |       |       |       |       |     1 |     1 |     3 |       ||     5
 Armour: Animal skin       |    67 |    34 |       |       |       |       |       |       ||   101
         Robe              |       |    39 |   178 |   338 |    75 |       |       |       ||   630
         Crystal plate arm |       |       |       |       |  1470 |  1475 |  1297 |   739 ||  4981
         Skin              |       |       |       |       |       |     3 |    13 |       ||    16
  Dodge: Dodged            |    58 |    88 |   223 |   449 |   491 |   644 |   673 |   463 ||  3089
  Block: Tower shield      |       |       |       |       |  1026 |  2462 |  2301 |  1834 ||  7623

Table legend: (Time is in decaauts)
 A = Elapsed time spent in this place.
 B = Non-inter-level travel time spent in this place.
 C = Inter-level travel time spent in this place.
 D = Time resting spent in this place.
 E = Time spent auto-exploring this place.
 F = Levels seen in this place.
 G = Mean time per level.
                   A        B        C        D        E       F      G
               +--------+--------+--------+--------+--------+-----+--------+
         Total |  45062 |  42777 |   2285 |   3875 |  25619 |  44 | 1024.1 |
       Dungeon |  15238 |  14095 |   1143 |    408 |   9727 |  15 | 1015.9 |
          Lair |   7515 |   7076 |    439 |    614 |   5045 |   5 | 1503.0 |
        Shoals |   3390 |   3269 |    121 |      0 |   1994 |   4 |  847.5 |
     Snake Pit |   3930 |   3763 |    167 |    305 |   2145 |   4 |  982.5 |
  Orcish Mines |   1428 |   1327 |    101 |      6 |    748 |   2 |  714.0 |
   Elven Halls |   2184 |   2163 |     21 |      0 |   1335 |   2 | 1092.0 |
        Vaults |  10153 |   9862 |    291 |   2519 |   4230 |   5 | 2030.6 |
         Abyss |    847 |    847 |      0 |     22 |    170 |   6 |  141.2 |
        Bailey |    374 |    374 |      0 |      0 |    222 |   1 |  374.0 |
               +--------+--------+--------+--------+--------+-----+--------+

Top non-repeatable levels by time:
Vaults:4: 3592 daAuts
Vaults:3: 1804 daAuts
  Lair:5: 1743 daAuts
Vaults:5: 1707 daAuts
  Lair:2: 1593 daAuts
Vaults:1: 1552 daAuts
Vaults:2: 1497 daAuts
  Lair:4: 1432 daAuts
  Lair:1: 1421 daAuts
 Snake:4: 1372 daAuts
  Lair:3: 1325 daAuts
    D:14: 1316 daAuts
     D:2: 1281 daAuts
    D:12: 1214 daAuts
     D:9: 1181 daAuts
